 Dungeon Crawl Stone Soup version 0.20.1-1-g8b1a95d (webtiles) character file.

490 pstr the Conjurer (level 7, 0/37 HPs)
             Began as a Kobold Conjurer on Nov 18, 2017.
             Succumbed to a scorpion's poison
             ... on level 4 of the Dungeon.
             The game lasted 00:15:16 (5443 turns).

pstr the Conjurer (Kobold Conjurer)                 Turns: 5443, Time: 00:15:17

Health: 0/37       AC:  2    Str:  3 (6)  XL:     7   Next: 36%
Magic:  3/14       EV: 16    Int: 17 (18) God:
Gold:   236        SH:  0    Dex: 12 (15) Spells: 12/15 levels left

rFire    + . .     SeeInvis .     - Unarmed
rCold    . . .     Gourm    .   (shield restricted)
rNeg     . . .     Faith    .   a - +0 robe
rPois    .         Spirit   .   (no helmet)
rElec    .         Reflect  .   (no cloak)
rCorr    .         Harm     .   (no gloves)
MR       .....                  (no boots)
Stlth    ++........             (no amulet)
Regen    0.2/turn               o - ring of protection from fire
MPRegen  0.2/turn               (no ring)

@: lethally poisoned (0 -> -6)
A: carnivore 3
a: no special abilities


You were on level 4 of the Dungeon.
You were completely stuffed.

You visited 1 branch of the dungeon, and saw 4 of its levels.

You collected 236 gold pieces.

Inventory:

Missiles
 g - 80 stones (quivered)
 r - 24 arrows
Armour
 a - a +0 robe (worn)
 d - a +0 leather armour
 m - a +0 ring mail
Jewellery
 o - a ring of protection from fire (left hand)
Scrolls
 e - 8 scrolls of remove curse
 f - 2 scrolls of identify
 l - a scroll of immolation {unknown}
 n - a scroll of amnesia {unknown}
 p - a scroll of recharging {unknown}
 s - a scroll of teleportation {unknown}
Potions
 h - a potion of lignification
Books
 b - a book of Conjurations

   Spells                             Type                      Level
   a - Magic Dart                     Conjuration                  1
   b - Searing Ray                    Conjuration                  2
   c - Dazzling Spray                 Conjuration/Hexes            3
   d - Fulminant Prism                Conjuration/Hexes            4
   e - Force Lance                    Conjuration/Translocation    4
   f - Iskenderun's Mystic Blast      Conjuration                  4
Comestibles
 c - 2 meat rations


   Skills:
 + Level 0.9 Fighting
 + Level 3.8 Dodging
 + Level 3.3 Stealth
 + Level 1.1 Unarmed Combat
 + Level 4.9 Spellcasting
 + Level 6.0 Conjurations


You had 12 spell levels left.
You knew the following spells:

 Your Spells              Type           Power        Failure   Level  Hunger
a - Magic Dart            Conj           ###.         1%          1    None
b - Searing Ray           Conj           ###...       1%          2    #......


Dungeon Overview and Level Annotations

Branches:
Dungeon (4/15)
 Temple: D:4-7

Altars:
The Shining One

Shops:
D:4 =


Innate Abilities, Weirdness & Mutations

You are small and have problems with some larger weapons.
You are carnivorous and can eat meat at any time.


Message History

You feel sick.
You feel sick. The scorpion stings you.
* * * LOW HITPOINT WARNING * * *
You are lethally poisoned!
The scorpion poisons you!
* * * LOW HITPOINT WARNING * * *
You feel sick.
* * * LOW HITPOINT WARNING * * *
You feel sick.
* * * LOW HITPOINT WARNING * * *
You feel sick.
* * * LOW HITPOINT WARNING * * *
You feel sick.
* * * LOW HITPOINT WARNING * * *
You feel sick.
* * * LOW HITPOINT WARNING * * *
You feel sick.
* * * LOW HITPOINT WARNING * * *
You feel sick.
You die...

,#.##..##.# *,,*******,,...*
,#.##.....# *.....#,,,,*##.#
,#.##.##..########.....#,#####...
,#.##§##......(........#,......#.
,#.##§##..#####.........,****#...
,#.##§##..#####.†.......** ##.#
*#.##§#§§.....#..)>.....* #.#
##.§§§§#.#.##.#.........* #..
....§§§.......s.@.......* ###
....§§.#.#.#.##.........* #
..........##.##.........* #
######.#.##...#.........* #
#.#.#......(.......* ######
#.#............########.....
#.###.....####..........#### #.#
##.........######....... #.#
##.#.###### #.######


You could see a scorpion.

Vanquished Creatures
  A scorpion (D:4)
  A howler monkey (D:4)
  A centaur skeleton (D:4)
  3 hounds (D:4)
  2 orc wizards (D:3)
  An iguana (D:4)
  A worker ant (D:4)
  A hound skeleton (D:4)
  7 adders
  A shadow imp (D:4)
  An ooze (D:2)
  A worm (D:3)
  A dart slug (D:1)
  3 leopard geckos
  5 orcs
  5 bats
  8 giant cockroaches
  11 hobgoblins
  10 jackals
  3 quokkas
  2 ball pythons
  4 frilled lizards
  5 goblins
  9 kobolds
  A leopard gecko skeleton (D:4)
  9 rats
97 creatures vanquished.

Notes
Turn   | Place    | Note
-------+----------+-------------------------------------------
     0 | D:1      | pstr the Kobold Conjurer began the quest for the Orb.
     0 | D:1      | Reached XP level 1. HP: 10/10 MP: 3/3
   201 | D:1      | Reached XP level 2. HP: 3/15 MP: 0/5
   205 | D:1      | Learned a level 2 spell: Searing Ray
   883 | D:1      | Reached XP level 3. HP: 19/19 MP: 3/6
  2039 | D:2      | Reached XP level 4. HP: 24/24 MP: 1/7
  3208 | D:3      | Reached skill level 5 in Conjurations
  3302 | D:3      | Reached XP level 5. HP: 28/28 MP: 5/9
  3947 | D:3      | Found a glowing golden altar of the Shining One.
  4303 | D:4      | Found Wiclyno's Jewellery Shop.
  4335 | D:4      | Reached XP level 6. HP: 33/33 MP: 8/11
  5000 | D:4      | Reached XP level 7. HP: 33/37 MP: 5/13
  5260 | D:4      | Reached skill level 1 in Unarmed Combat
  5412 | D:4      | Reached skill level 6 in Conjurations
  5440 | D:4      | HP: 1/37 [poisoned by a scorpion]
  5443 | D:4      | Succumbed to a scorpion's poison

Skill      XL: |  1  2  3  4  5  6  7 |
---------------+----------------------+-----
Dodging        | 3 |  3.8
Spellcasting   | 3 4 |  4.9
Conjurations   | 5 6 |  6.0
Stealth        | 3 |  3.3
Unarmed Combat | 1 |  1.1
Fighting       | |  0.9

Action                   |  1- 3 |  4- 6 |  7- 9 || total
-------------------------+-------+-------+-------++-------
Melee: Unarmed           |       |     7 |       ||     7
 Cast: Magic Dart        |    67 |    70 |    10 ||   147
       Searing Ray       |     1 |    30 |     8 ||    39
  Use: Potion            |       |     6 |     1 ||     7
       Scroll            |       |       |     3 ||     3
  Eat: Chunk             |    12 |    11 |     1 ||    24
Armor: Robe              |     5 |     6 |       ||    11
       Skin              |       |    21 |       ||    21
Dodge: Dodged            |    23 |    39 |     9 ||    71
